Map: Ruins of Seras

Players

NaTuRal

  • Race: Terran Terran
  • League: Grandmaster

State - Winner!

  • Race: Protoss Protoss
  • League: Grandmaster

VOD

Have the link to the VOD?

Description

Time

  • Played on: Nov. 18, 2015, 11:58 a.m.
  • Length: 18:43
Show
View Real Time Build Order
Export as new Build Order

NaTuRal Terran 

Build Orders: Command Center First (CC), MMM Bio 

Get SALT Encoding   

  12  0:01  SCV  
  13  0:13  SCV  
  14  0:18  Supply Depot  
  14  0:25  SCV  
  15  0:40  SCV  
  16  0:52  SCV  
  17  1:01  Command Center  
  17  1:06  SCV  
  18  1:15  Barracks  
  18  1:18  SCV  
  18  1:24  Refinery  
  19  1:30  SCV  
  20  1:33  Refinery  
  20  1:42  SCV  
  21  1:55  SCV  
  22  2:02  Marine  
  22  2:08  Orbital Command  
  23  2:13  Orbital Command  
  23  2:22  Factory  
  23  2:26  Barracks Reactor  
  23  2:34  SCV  
  24  2:40  SCV  
  24  2:42  Bunker  
  25  2:47  SCV  
  26  2:52  SCV  
  27  3:00  SCV  
  27  3:03  Marine x2  
  27  3:04  SCV  
  31  3:06  Starport  
  31  3:09  Supply Depot  
  31  3:14  Widow Mine  
  31  3:15  SCV  
  31  3:16  SCV  
  35  3:20  Marine x2  
  37  3:28  SCV  
  37  3:31  SCV  
  39  3:38  Supply Depot  
  39  3:40  SCV, Marine x2  
  42  3:43  SCV, Factory Tech Lab, Medivac  
  45  3:52  SCV  
  46  3:59  SCV  
  46  4:00  Supply Depot  
  46  4:02  Siege Tank, Marine x2  
  52  4:10  Barracks  
  52  4:11  Barracks  
  52  4:14  SCV x2  
  54  4:23  Supply Depot  
  54  4:26  SCV  
  54  4:27  Marine x2  
  54  4:28  Starport Tech Lab  
  54  4:30  SCV  
  58  4:36  Supply Depot  
  58  4:38  SCV  
  58  4:42  SCV  
  60  4:46  Marine x2  
  60  4:52  Engineering Bay  
  62  4:53  Refinery  
  62  4:59  SCV  
  64  5:00  SCV  
  64  5:01  Factory Reactor  
  64  5:02  Viking  
  64  5:04  Marine x2  
  68  5:08  Marauder  
  68  5:09  Stimpack  
  68  5:10  Supply Depot  
  70  5:14  Combat Shields  
  70  5:15  Marauder  
  72  5:22  Marine x2  
  72  5:24  Terran Infantry Weapons Level 1  
  75  5:28  SCV  
  75  5:32  Barracks  
  75  5:33  Barracks  
  75  5:39  Supply Depot  
  75  5:40  Marauder x2  
  75  5:41  Marine x2  
  81  5:49  SCV x2  
  83  5:54  Medivac  
  85  5:59  Supply Depot  
  85  6:00  Supply Depot  
  85  6:01  Medivac, Widow Mine, Marine x2  
  93  6:04  Marauder  
  93  6:20  Marauder  
  93  6:21  Barracks Reactor, Barracks Tech Lab, Marine x2  
  97  6:30  Command Center, SCV x2  
  99  6:36  Marauder  
  99  6:38  Concussive Shells  
  101  6:40  Medivac  
  101  6:42  Medivac, Marauder  
  101  6:45  SCV x2  
  109  6:55  Marine  
  110  7:02  Supply Depot x3  
  110  7:06  Refinery  
  110  7:18  Terran Infantry Armor Level 1, Refinery  
  110  7:23  Marine x2  
  110  7:24  SCV x2, Marauder x3, Marine  
  110  7:26  Factory Reactor  
  110  7:29  Medivac  
  123  7:32  Medivac  
  123  7:36  SCV  
  124  7:37  SCV  
  118  7:45  Orbital Command  
  118  7:48  Marine x4  
  118  7:49  Marauder  
  118  7:50  SCV  
  118  7:51  SCV  
  126  8:00  Marauder  
  126  8:03  Widow Mine x2, Medivac x2  
  136  8:09  Armory, SCV  
  137  8:13  Supply Depot x2  
  137  8:19  Marine x2  
  137  8:20  Marauder, Marine x2  
  137  8:23  Marauder  
  137  8:26  SCV x2  
  147  8:27  SCV  
  147  8:32  Marauder  
  143  8:35  Medivac x2  
  143  8:36  Widow Mine x2  
  150  8:45  SCV  
  150  8:46  SCV, Barracks  
  150  8:47  SCV, Barracks  
  150  8:48  Barracks  
  153  8:54  Marine x4  
  153  8:55  Marauder  
  159  9:00  SCV  
  159  9:10  Widow Mine x2  
  159  9:11  Medivac  
  159  9:12  Terran Infantry Weapons Level 2  
  159  9:16  Supply Depot  
  165  9:17  Supply Depot  
  165  9:19  Supply Depot  
  165  9:35  Barracks Reactor, Barracks Tech Lab x2  
  165  9:37  Command Center  
  165  9:38  Marauder, Medivac, Marine x4  
  173  9:42  Engineering Bay  
  162  9:45  Marine  
  162  9:46  Marauder, Widow Mine x2  
  154  9:55  Marine  
  144  10:01  Marine x4  
  144  10:02  Marauder  
  144  10:03  Liberator x2  
  142  10:13  Marine x2  
  144  10:14  Widow Mine x2  
  152  10:22  Marauder x2, Marine x6  
  162  10:30  Marauder  
  164  10:38  Marine  
  164  10:39  Marine x2  
  164  10:40  Marauder x2  
  171  10:43  Widow Mine x2  
  171  10:46  Terran Ship Weapons Level 1, Liberator x2  
  174  10:51  Planetary Fortress  
  174  10:52  Marine x3  
  176  11:03  Marauder  
  173  11:15  Marine x8  
  173  11:16  Widow Mine  
  162  11:25  Marine x2  
  162  11:26  Marauder  
  162  11:28  Terran Infantry Weapons Level 3  
  162  11:29  Liberator  
  165  11:32  Marine x2  
  165  11:37  Refinery  
  163  11:40  Marauder, Marine x2  
  163  11:42  Widow Mine  
  170  11:49  Marauder, Widow Mine, Liberator  
  173  11:57  Marauder, Marine x4  
  171  12:04  Marine x2  
  171  12:05  Marauder, Marine  
  175  12:10  Marine  
  175  12:12  Liberator  
  176  12:20  Marine x2  
  176  12:21  Marauder, Widow Mine x2  
  168  12:23  Marauder  
  168  12:29  Marine x2  
  176  12:30  Marine x2, Marauder  
  176  12:34  Liberator  
  175  12:47  Marauder, Marine x2  
  179  12:54  Liberator  
  178  12:58  Marine x4  
  178  12:59  Marauder, Widow Mine x2, Marine  
  178  13:00  Terran Ship Weapons Level 2  
  184  13:08  Engineering Bay  
  184  13:09  Supply Depot  
  184  13:10  Supply Depot  
  184  13:11  Supply Depot  
  187  13:13  Supply Depot  
  187  13:14  Supply Depot  
  187  13:19  Supply Depot  
  186  13:24  Marauder  
  188  13:30  Marine x4  
  188  13:31  Marauder x2  
  189  13:41  Widow Mine  
  189  13:43  Marauder  
  189  13:45  Widow Mine  
  177  13:50  Marine x2  
  177  13:51  Medivac  
  177  13:53  Marauder, Marine x4  
  177  13:54  Medivac  
  184  14:02  Engineering Bay  
  184  14:10  Terran Infantry Armor Level 2, Widow Mine  
  184  14:12  Marauder, Marine x2  
  184  14:14  Widow Mine  
  185  14:18  Liberator x2  
  177  14:24  Marine x2  
  177  14:25  Marauder, Marine  
  182  14:34  Marine x4  
  182  14:35  Marauder x2  
  196  14:43  Widow Mine  
  198  14:50  Marauder, Marine x2  
  198  14:51  Widow Mine  
  179  14:59  Marauder  
  174  15:01  Marine x4, Liberator  
  174  15:02  Marauder  
  174  15:06  Marauder  
  174  15:10  Marine x2  
  174  15:11  Widow Mine  
  174  15:12  Marauder  
  164  15:19  Widow Mine, Marine  
  167  15:24  Command Center  
  167  15:28  Marauder, Marine x5  
  164  15:35  Marine  
  164  15:36  Marauder x2  
  164  15:37  Marine  
  164  15:40  Widow Mine  
  164  15:41  Terran Ship Weapons Level 3  
  168  15:47  Refinery  
  170  15:50  Marauder  
  165  16:01  Widow Mine, Medivac x2  
  166  16:06  Marauder, Marine x2  
  166  16:08  Widow Mine  
  169  16:18  Marine x2  
  169  16:19  Marauder  
  155  16:26  Liberator  
  155  16:28  Marauder, Marine x4  
  155  16:31  Medivac  
  153  16:36  Marauder  
  155  16:43  Liberator  
  155  16:44  Marine x3, Marauder  
  155  16:46  Marine  
  160  16:54  Marine x4  
  159  16:55  Widow Mine  
  159  16:58  Marauder  
  159  17:00  Ghost Academy  
  167  17:03  Marauder  
  167  17:05  Marauder  
  170  17:08  Liberator  
  170  17:15  Marauder  
  170  17:16  Widow Mine  
  170  17:20  Marine x2  
  171  17:28  Marauder, Marine x2  
  171  17:29  Widow Mine, Marauder  
  172  17:38  Marine x2  
  172  17:39  Marauder  
  172  17:41  Marine  
  172  17:43  Marauder  
  177  17:44  Widow Mine  
  177  17:50  Marauder  
  180  17:56  Refinery  
  157  18:11  Marauder, Marine x2  
  157  18:12  Widow Mine  
  155  18:17  Marauder, Marine  
  155  18:19  Marine x2  
  143  18:20  Marauder  
  143  18:22  Marine  
Show
View Real Time Build Order
Export as new Build Order

State Protoss - Winner!

Build Orders: 1 Gate Expand, Blink Stalkers, Colossus Rush 

Get SALT Encoding   

  12  0:01  Probe (Chrono Boost)  
  13  0:11  Probe (Chrono Boost)  
  14  0:18  Pylon  
  14  0:22  Probe (Chrono Boost)  
  15  0:36  Probe (Chrono Boost)  
  15  0:37  Gateway  
  16  0:44  Assimilator  
  16  0:46  Probe (Chrono Boost)  
  17  0:57  Probe (Chrono Boost)  
  18  1:08  Probe (Chrono Boost)  
  19  1:21  Nexus  
  19  1:25  Probe (Chrono Boost)  
  20  1:37  Cybernetics Core  
  20  1:39  Probe (Chrono Boost)  
  21  1:45  Assimilator  
  21  1:50  Probe (Chrono Boost)  
  22  1:55  Pylon  
  22  2:00  Probe (Chrono Boost)  
  23  2:13  Mothership Core (Chrono Boost)  
  23  2:15  Stalker  
  27  2:17  Warp Gate  
  27  2:32  Probe (Chrono Boost)  
  27  2:34  Probe (Chrono Boost)  
  29  2:37  Twilight Council  
  29  2:42  Probe (Chrono Boost)  
  30  2:45  Probe (Chrono Boost)  
  30  2:48  Stalker  
  33  2:53  Probe (Chrono Boost)  
  33  2:56  Probe (Chrono Boost)  
  35  3:03  Probe (Chrono Boost)  
  36  3:06  Probe (Chrono Boost)  
  37  3:13  Probe (Chrono Boost)  
  37  3:14  Blink (Chrono Boost)  
  37  3:15  Probe  
  39  3:22  Pylon  
  39  3:26  Stalker, Probe  
  42  3:28  Probe  
  42  3:34  Assimilator  
  43  3:38  Probe  
  44  3:43  Probe, Robotics Facility  
  45  3:50  Probe  
  45  3:53  Probe  
  45  3:54  Assimilator  
  47  3:55  Pylon  
  47  4:02  Probe  
  48  4:09  Probe  
  48  4:14  Probe  
  50  4:20  Probe  
  50  4:23  Gateway  
  51  4:24  Gateway x2  
  51  4:26  Probe  
  51  4:30  Stalker  
  51  4:31  Probe  
  54  4:34  Observer (Chrono Boost)  
  57  4:38  Probe  
  57  4:42  Probe  
  57  4:50  Probe, Robotics Bay  
  58  4:53  Probe, Observer (Chrono Boost)  
  58  4:54  Stalker  
  58  4:58  Pylon  
  58  4:59  Pylon  
  62  5:16  Probe  
  62  5:17  Probe, Observer (Chrono Boost)  
  65  5:25  Stalker  
  65  5:27  Sentry x3  
  73  5:28  Nexus  
  73  5:30  Probe, Pylon  
  73  5:31  Probe  
  75  5:40  Pylon  
  75  5:41  Observer (Chrono Boost)  
  76  5:45  Extended Thermal Lance  
  76  5:52  Probe  
  76  5:54  Probe  
  76  5:56  Colossus (Chrono Boost)  
  84  6:09  Adept x4  
  92  6:16  Resonating Glaives (Chrono Boost)  
  92  6:32  Pylon x2  
  92  6:34  Pylon  
  92  6:41  Forge  
  92  6:42  Forge  
  92  6:53  Adept x4  
  92  6:54  Probe, Colossus  
  106  6:55  Probe x2  
  103  7:04  Probe  
  103  7:07  Probe  
  110  7:09  Probe  
  110  7:15  Gateway  
  111  7:16  Probe  
  111  7:19  Gateway, Probe  
  111  7:20  Protoss Ground Weapons Level 1 (Chrono Boost), Protoss Ground Armor Level 1 (Chrono Boost)  
  111  7:21  Probe  
  114  7:24  Gateway  
  114  7:27  Assimilator  
  114  7:28  Probe  
  114  7:29  Assimilator  
  115  7:31  Pylon  
  115  7:34  Stalker x3  
  121  7:42  Colossus  
  117  7:47  Probe x2  
  117  7:48  Probe  
  126  7:58  Pylon  
  126  7:59  Probe x2, Robotics Facility  
  126  8:04  Gateway x2  
  128  8:12  Probe x2  
  130  8:13  Stalker x3  
  136  8:24  Nexus  
  136  8:26  Pylon  
  136  8:30  Pylon  
  136  8:37  Stalker x3  
  136  8:38  Stalker  
  145  8:42  Probe  
  145  8:45  Stalker  
  148  8:55  Disruptor  
  148  8:56  Nexus  
  148  8:58  Pylon  
  148  9:00  Pylon  
  147  9:15  Disruptor, Pylon  
  147  9:17  Pylon x2  
  150  9:20  Stalker  
  150  9:21  Stalker x5  
  162  9:29  Disruptor  
  163  9:51  Disruptor  
  166  9:54  Stalker x8  
  174  10:05  Protoss Ground Weapons Level 2 (Chrono Boost)  
  174  10:09  Disruptor  
  174  10:16  Protoss Ground Armor Level 2 (Chrono Boost)  
  174  10:21  Pylon  
  177  10:24  Pylon  
  177  10:26  Pylon  
  177  10:27  Adept x4  
  177  10:28  Adept  
  187  10:37  Probe  
  188  10:46  Disruptor x2 (Chrono Boost)  
  194  10:50  Stalker x2  
  194  10:54  Adept x2  
  188  11:11  Adept x3  
  188  11:12  Adept x2  
  188  11:15  Adept  
  200  11:22  Nexus  
  183  11:57  Adept x5  
  173  12:26  Stalker x3, Probe  
  173  12:27  Stalker x5  
  188  12:32  Pylon  
  188  12:34  Disruptor x2 (Chrono Boost)  
  194  12:39  Protoss Ground Weapons Level 3  
  184  12:59  Protoss Ground Armor Level 3  
  184  13:03  Stargate  
  184  13:05  Gateway, Disruptor x2 (Chrono Boost)  
  190  13:07  Gateway  
  190  13:09  Gateway  
  190  13:25  Stalker x5  
  186  13:52  Observer x2 (Chrono Boost)  
  186  13:54  Stalker x9  
  193  13:55  Probe  
  194  14:15  Nexus  
  194  14:18  Assimilator  
  194  14:23  Pylon, Assimilator  
  194  14:24  Pylon  
  194  14:25  Pylon  
  194  14:26  Pylon  
  194  14:27  Photon Cannon  
  194  14:28  Photon Cannon  
  194  14:31  Photon Cannon  
  194  14:33  Photon Cannon  
  194  14:39  Assimilator  
  194  14:44  Assimilator  
  192  14:52  Adept x5  
  200  15:01  Protoss Shields Level 1  
  149  15:18  Stalker x6  
  149  15:19  Stalker x4  
  169  15:27  Observer x2 (Chrono Boost)  
  170  15:38  Stalker x2  
  170  15:42  Fleet Beacon  
  169  15:45  Stargate  
  169  15:47  Adept  
  169  15:48  Adept x8  
  169  15:49  Adept, Stargate  
  189  16:08  Probe, Warp Prism x2 (Chrono Boost)  
  188  16:13  Adept x8  
  190  16:45  Adept x5  
  200  16:54  Adept x6  
  193  17:16  Stalker x3  
  199  17:27  Disruptor x2 (Chrono Boost)  
  195  17:32  Stalker x2  
  169  18:20  Stalker x12  
Tags
 
Add a new tag
Caveats
  • Supply blocks, unpowered buildings, or Contaminate may cause inaccurate times.
  • Supply counts are checked every 10 seconds.